| TOP OF THE 1ST |
|
Philadelphia Phillies batting - Pitching for St. Louis Cardinals : LHP Willie Hernandez
|
|
Pitching: LHP Willie Hernandez
|
|
|
Batting: RHB Andy Ramirez
|
0-0: Swinging Strike 0-1: DOUBLE (Flyball, 89XD, EV 93.1 MPH)
|
|
Batting: RHB Paul Molitor
|
0-0: Ball 1-0: Ball 2-0: SINGLE (Line Drive, 4MD, EV 100.0 MPH) Andy Ramirez to third Runner from 3rd tries for Home, SAFE, throw by CF to home
|
|
Batting: LHB Tony Gwynn
|
0-0: Ball 1-0: Ball 2-0: Foul Ball, location: 2F 2-1: Foul Ball, location: 2F 2-2: Foul Ball, location: 2F 2-2: Fly out, F8 (Flyball, 89M, EV 86.9 MPH)
|
|
Batting: RHB Jody Davis
|
0-0: Ball 1-0: Ball 2-0: Grounds into double play, 6-4-3 (Groundball, 6, EV 106.3 MPH)
|
| Top of the 1st over - 1 run, 2 hits, 0 errors, 0 left on base; Philadelphia 1 - St. Louis 0 |
| BOTTOM OF THE 1ST |
|
St. Louis Cardinals batting - Pitching for Philadelphia Phillies : RHP Buzz Capra
|
|
Pitching: RHP Buzz Capra
|
|
|
Batting: SHB Otis Nixon
|
0-0: Called Strike 0-1: Swinging Strike 0-2: Ball 1-2: Ball 2-2: Foul Ball, location: 2F 2-2: Fly out, F9 (Flyball, 89S, EV 83.8 MPH)
|
|
Batting: LHB Jim Gantner
|
0-0: Ball 1-0: Ball 2-0: Ball 3-0: Swinging Strike 3-1: Fly out, F2 (Popup, 13S, EV 86.9 MPH)
|
|
Batting: RHB Sixto Lezcano
|
0-0: Ball 1-0: Ball 2-0: Ball 3-0: Called Strike 3-1: Called Strike 3-2: Foul Ball, location: 2F 3-2: Base on Balls
|
|
Batting: LHB Pat Putnam
|
0-0: Ball 1-0: Called Strike 1-1: Ball 2-1: Ball Wild Pitch! Sixto Lezcano to second 3-1: Foul Ball, location: 2F 3-2: Foul Ball, location: 2F 3-2: 2-RUN HOME RUN (Flyball, 9LD, EV 101.9 MPH), Distance : 356 ft
|
|
Batting: RHB Joe Torre
|
0-0: Ball 1-0: Swinging Strike 1-1: Ball 2-1: SINGLE (Flyball, 6MD, EV 91.3 MPH)
|
|
Batting: LHB Mike Davis
|
0-0: Called Strike 0-1: DOUBLE (Line Drive, 89D, EV 111.3 MPH) Joe Torre to third Runner from 3rd tries for Home, SAFE, no throw by CF
|
|
Batting: SHB Billy E Smith
|
0-0: Ball 1-0: Ball 2-0: SINGLE (Groundball, 6MD, EV 95.6 MPH) Mike Davis to third Runner from 3rd tries for Home, SAFE, throw by CF to home
|
|
Batting: RHB Bob Watson
|
0-0: Ball 1-0: Ball 2-0: Foul Ball, location: 2F 2-1: Foul Ball, location: 2F 2-2: Fly out, F9 (Flyball, 9LD, EV 101.9 MPH)
|
| Bottom of the 1st over - 4 runs, 4 hits, 0 errors, 1 left on base; Philadelphia 1 - St. Louis 4 |
| TOP OF THE 2ND |
|
Philadelphia Phillies batting - Pitching for St. Louis Cardinals : LHP Willie Hernandez
|
|
Batting: RHB Dan Thomas
|
0-0: Called Strike 0-1: Ball 1-1: Foul Ball, location: 2F 1-2: Foul Ball, location: 2F 1-2: Ball 2-2: Foul Ball, location: 2F 2-2: Foul Ball, location: 2F 2-2: DOUBLE (Flyball, 89XD, EV 106.9 MPH)
|
|
Batting: LHB Lou Whitaker
|
0-0: Ball 1-0: SINGLE (Line Drive, 3D, EV 108.1 MPH) Dan Thomas to third Runner from 3rd tries for Home, SAFE, throw by RF to home
|
|
Batting: LHB Andy Guerrero
|
0-0: Fielders Choice at 2nd, 4-6 (Groundball, 34, EV 86.3 MPH)
|
|
Batting: LHB Rick Lancellotti
|
0-0: Called Strike 0-1: Ball 1-1: Foul Ball, location: 2F 1-2: Grounds into double play, 5-4-3 (Groundball, 56, EV 83.8 MPH)
|
| Top of the 2nd over - 1 run, 2 hits, 0 errors, 0 left on base; Philadelphia 2 - St. Louis 4 |
| BOTTOM OF THE 2ND |
|
St. Louis Cardinals batting - Pitching for Philadelphia Phillies : RHP Buzz Capra
|
|
Batting: LHB Willie Hernandez
|
0-0: Called Strike 0-1: Ball 1-1: Foul Ball, location: 2F 1-2: Foul Ball, location: 2F 1-2: Strikes out swinging
|
|
Batting: SHB Otis Nixon
|
0-0: Fly out, F3 (Line Drive, 3, EV 73.1 MPH)
|
|
Batting: LHB Jim Gantner
|
0-0: Foul Ball, location: 2F 0-1: Ground out 4-3 (Groundball, 4, EV 103.8 MPH)
|
| Bottom of the 2nd over - 0 runs, 0 hits, 0 errors, 0 left on base; Philadelphia 2 - St. Louis 4 |
| TOP OF THE 3RD |
|
Philadelphia Phillies batting - Pitching for St. Louis Cardinals : LHP Willie Hernandez
|
|
Batting: RHB Buzz Capra
|
0-0: Ball 1-0: Ball 2-0: SINGLE (Groundball, 34D, EV 110.6 MPH)
|
|
Batting: RHB Andy Ramirez
|
0-0: Sac Bunt to P - play at second, runner safe!
|
|
Batting: RHB Paul Molitor
|
0-0: Called Strike 0-1: Called Strike 0-2: Ball 1-2: DOUBLE (Line Drive, 7LM, EV 93.1 MPH) Buzz Capra scores Andy Ramirez to third Runner from 3rd tries for Home, SAFE, throw by LF to trailing runner, SAFE at third!
|
|
Batting: LHB Tony Gwynn
|
0-0: Ball 1-0: Ground out 4-3 (Groundball, 34, EV 83.8 MPH) Paul Molitor scores
|
|
Batting: RHB Jody Davis
|
0-0: Ball 1-0: Foul Ball, location: 2F 1-1: Fly out, F7 (Flyball, 7S, EV 94.4 MPH)
|
|
Batting: RHB Dan Thomas
|
0-0: Ball 1-0: Foul Ball, location: 2F 1-1: Ground out 3-1 (Groundball, 34S, EV 85.6 MPH)
|
| Top of the 3rd over - 3 runs, 2 hits, 0 errors, 0 left on base; Philadelphia 5 - St. Louis 4 |
| BOTTOM OF THE 3RD |
|
St. Louis Cardinals batting - Pitching for Philadelphia Phillies : RHP Buzz Capra
|
|
Batting: RHB Sixto Lezcano
|
0-0: Called Strike 0-1: Reached on error, E6 (Groundball, 56, EV 81.3 MPH)
|
|
Batting: LHB Pat Putnam
|
0-0: Called Strike 0-1: Ball 1-1: Ball Wild Pitch! Sixto Lezcano to second 2-1: Ground out 4-3 (Groundball, 4S, EV 66.9 MPH) Sixto Lezcano to third
|
|
Batting: RHB Joe Torre
|
0-0: Ball 1-0: Foul Ball, location: 2F 1-1: Ball 2-1: Called Strike 2-2: Fly out, F9 (Flyball, 89S, EV 97.5 MPH)
|
|
Batting: LHB Mike Davis
|
0-0: Ball 1-0: SINGLE (Groundball, 4MD, EV 99.4 MPH) Sixto Lezcano scores
|
|
Batting: SHB Billy E Smith
|
0-0: Ball 1-0: Swinging Strike 1-1: Called Strike 1-2: Ball 2-2: Foul Ball, location: 2F 2-2: Foul Ball, location: 2F 2-2: Ball 3-2: Foul Ball, location: 2F 3-2: Foul Ball, location: 2F 3-2: Foul Ball, location: 2F 3-2: Fly out, F7 (Flyball, 7, EV 86.9 MPH)
|
| Bottom of the 3rd over - 1 run, 1 hit, 1 error, 1 left on base; Philadelphia 5 - St. Louis 5 |
| TOP OF THE 4TH |
|
Philadelphia Phillies batting - Pitching for St. Louis Cardinals : LHP Willie Hernandez
|
|
Batting: LHB Lou Whitaker
|
0-0: Ground out U3 (Groundball, 3, EV 86.3 MPH)
|
|
Batting: LHB Andy Guerrero
|
0-0: Ball 1-0: Ball 2-0: Ball 3-0: Base on Balls
|
|
Batting: LHB Rick Lancellotti
|
0-0: Called Strike 0-1: Ball 1-1: Swinging Strike 1-2: Fly out, F9 (Flyball, 9LS, EV 90.6 MPH)
|
|
Batting: RHB Buzz Capra
|
0-0: Fly out, F4 (Flyball, 34D, EV 86.3 MPH)
|
| Top of the 4th over - 0 runs, 0 hits, 0 errors, 1 left on base; Philadelphia 5 - St. Louis 5 |
| BOTTOM OF THE 4TH |
|
St. Louis Cardinals batting - Pitching for Philadelphia Phillies : RHP Buzz Capra
|
|
Batting: RHB Bob Watson
|
0-0: Ground out 5-3 (Groundball, 56, EV 83.8 MPH)
|
|
Pinch Hitting: RHB Pascual D'Annunzio
|
0-0: Ball 1-0: Ground out 6-3 (Groundball, 6MD, EV 89.4 MPH)
|
|
Batting: SHB Otis Nixon
|
0-0: Foul Ball, location: 2F 0-1: Fly out, F6 (Popup, 6MS, EV 64.4 MPH)
|
| Bottom of the 4th over - 0 runs, 0 hits, 0 errors, 0 left on base; Philadelphia 5 - St. Louis 5 |
| TOP OF THE 5TH |
|
Philadelphia Phillies batting - Pitching for St. Louis Cardinals : LHP Willie Hernandez
|
|
Pitching: RHP Karl Best
|
|
|
Batting: RHB Andy Ramirez
|
0-0: Called Strike 0-1: Swinging Strike 0-2: Foul Ball, location: 2F 0-2: Ball 1-2: Ground out 6-3 (Groundball, 6S, EV 66.3 MPH)
|
|
Batting: RHB Paul Molitor
|
0-0: Ball 1-0: Ball 2-0: Called Strike 2-1: Ball 3-1: Fly out, F7 (Flyball, 78S, EV 87.5 MPH)
|
|
Batting: LHB Tony Gwynn
|
0-0: Called Strike 0-1: Ground out 6-3 (Groundball, 6, EV 104.4 MPH)
|
| Top of the 5th over - 0 runs, 0 hits, 0 errors, 0 left on base; Philadelphia 5 - St. Louis 5 |
| BOTTOM OF THE 5TH |
|
St. Louis Cardinals batting - Pitching for Philadelphia Phillies : RHP Buzz Capra
|
|
Pitching: RHP Stan Jakubowski
|
|
|
Batting: LHB Jim Gantner
|
0-0: Ground out 4-3 (Groundball, 4M, EV 93.1 MPH)
|
|
Batting: RHB Sixto Lezcano
|
0-0: Ball 1-0: SOLO HOME RUN (Line Drive, 7D, EV 104.4 MPH), Distance : 384 ft
|
|
Batting: LHB Pat Putnam
|
0-0: Foul Ball, location: 2F 0-1: Foul Ball, location: 2F 0-2: Foul Ball, location: 2F 0-2: Foul Ball, location: 2F 0-2: Ball 1-2: Foul Ball, location: 2F 1-2: Ball 2-2: Ball 3-2: Ground out 6-3 (Groundball, 6, EV 102.5 MPH)
|
|
Batting: RHB Joe Torre
|
0-0: Called Strike 0-1: Swinging Strike 0-2: Ball 1-2: Ball 2-2: Foul Ball, location: 2F 2-2: Strikes out swinging
|
| Bottom of the 5th over - 1 run, 1 hit, 0 errors, 0 left on base; Philadelphia 5 - St. Louis 6 |
| TOP OF THE 6TH |
|
Philadelphia Phillies batting - Pitching for St. Louis Cardinals : RHP Karl Best
|
|
Batting: RHB Jody Davis
|
0-0: Foul Ball, location: 2F 0-1: Ground out 6-3 (Groundball, 6, EV 91.3 MPH)
|
|
Batting: RHB Dan Thomas
|
0-0: Called Strike 0-1: Ball 1-1: Swinging Strike 1-2: Ball 2-2: Strikes out swinging
|
|
Batting: LHB Lou Whitaker
|
0-0: Called Strike 0-1: Ball 1-1: Ball 2-1: Ball 3-1: Called Strike 3-2: Strikes out looking
|
| Top of the 6th over - 0 runs, 0 hits, 0 errors, 0 left on base; Philadelphia 5 - St. Louis 6 |
| BOTTOM OF THE 6TH |
|
St. Louis Cardinals batting - Pitching for Philadelphia Phillies : RHP Stan Jakubowski
|
|
Batting: LHB Mike Davis
|
0-0: Ball 1-0: Called Strike 1-1: Fly out, F8 (Line Drive, 8LD, EV 94.4 MPH)
|
|
Batting: SHB Billy E Smith
|
0-0: Foul Ball, location: 2F 0-1: Foul Ball, location: 2F 0-2: Ground out 5-3 (Groundball, 56, EV 79.4 MPH)
|
|
Batting: RHB Bob Watson
|
0-0: Foul Ball, location: 2F 0-1: Swinging Strike 0-2: Ball 1-2: Fly out, F9 (Flyball, 89S, EV 80.0 MPH)
|
| Bottom of the 6th over - 0 runs, 0 hits, 0 errors, 0 left on base; Philadelphia 5 - St. Louis 6 |
| TOP OF THE 7TH |
|
Philadelphia Phillies batting - Pitching for St. Louis Cardinals : RHP Karl Best
|
|
Batting: LHB Andy Guerrero
|
0-0: Ball 1-0: Foul Ball, location: 2F 1-1: Called Strike 1-2: Ball 2-2: Foul Ball, location: 2F 2-2: Foul Ball, location: 2F 2-2: Foul Ball, location: 2F 2-2: Foul Ball, location: 2F 2-2: Ground out 3-1 (Groundball, 34S, EV 80.6 MPH)
|
|
Batting: LHB Rick Lancellotti
|
0-0: Swinging Strike 0-1: Swinging Strike 0-2: SINGLE (Groundball, 34D, EV 97.5 MPH)
|
|
Pinch Hitting: LHB Terry Bogener
|
0-0: Swinging Strike 0-1: Ball 1-1: Fielders Choice at 2nd, 4-6 (Groundball, 4, EV 82.5 MPH)
|
|
Pinch Hitting: LHB Terry Lee
|
0-0: Ball 1-0: Ball 2-0: Foul Ball, location: 2F 2-1: DOUBLE (Line Drive, 7LS, EV 100.6 MPH) Terry Bogener to third Runner from 3rd tries for Home, SAFE, throw by LF to home
|
|
Pinch Hitting: RHB Ivan de Jesus
|
0-0: Called Strike 0-1: Ground out 5-3 (Groundball, 56, EV 81.3 MPH)
|
| Top of the 7th over - 1 run, 2 hits, 0 errors, 1 left on base; Philadelphia 6 - St. Louis 6 |
| BOTTOM OF THE 7TH |
|
St. Louis Cardinals batting - Pitching for Philadelphia Phillies : RHP Stan Jakubowski
|
|
Pitching: LHP Christopher Mayo
|
|
|
Now at 2B: Ivan de Jesus
|
|
|
Now at SS: Terry Lee
|
|
|
Pinch Hitting: LHB Jim Adduci
|
0-0: Ball 1-0: Ball 2-0: Ground out 4-3 (Groundball, 4, EV 95.6 MPH)
|
|
Pinch Hitting: SHB Paul Householder
|
0-0: Called Strike 0-1: Called Strike 0-2: Ball 1-2: Strikes out looking
|
|
Pinch Hitting: RHB Onix Concepcion
|
0-0: SINGLE (Groundball, 13S, EV 65.0 MPH) (infield hit)
|
|
Pinch Hitting: RHB Steve Lubratich
|
0-0: Ball 1-0: Foul Ball, location: 2F 1-1: Ball 2-1: Ball 3-1: Fielders Choice at 2nd, 5-4 (Groundball, 5, EV 102.5 MPH)
|
| Bottom of the 7th over - 0 runs, 1 hit, 0 errors, 1 left on base; Philadelphia 6 - St. Louis 6 |
| TOP OF THE 8TH |
|
Philadelphia Phillies batting - Pitching for St. Louis Cardinals : RHP Karl Best
|
|
Pitching: LHP Jeff Little
|
|
|
Now at 2B: Onix Concepcion
|
|
|
Now at 3B: Steve Lubratich
|
|
|
Now in RF: Paul Householder
|
|
|
Pinch Hitting: LHB Ty Gainey
|
0-0: Swinging Strike 0-1: Ball 1-1: Swinging Strike 1-2: Strikes out swinging
|
|
Pitching: RHP Larry Andersen
|
|
|
Batting: RHB Jody Davis
|
0-0: Fly out, F8 (Flyball, 78M, EV 83.1 MPH)
|
|
Pinch Hitting: LHB Randy Bush
|
0-0: Ball 1-0: Ball 2-0: Called Strike 2-1: Called Strike 2-2: Strikes out swinging
|
| Top of the 8th over - 0 runs, 0 hits, 0 errors, 0 left on base; Philadelphia 6 - St. Louis 6 |
| BOTTOM OF THE 8TH |
|
St. Louis Cardinals batting - Pitching for Philadelphia Phillies : LHP Christopher Mayo
|
|
Now at 1B: Randy Bush
|
|
|
Now in LF: Ty Gainey
|
|
|
Pinch Hitting: RHB Victor Rios
|
0-0: Called Strike 0-1: Swinging Strike 0-2: Ball 1-2: Strikes out swinging
|
|
Pinch Hitting: RHB Craig Stimac
|
0-0: Ball 1-0: Ball 2-0: Called Strike 2-1: SINGLE (Line Drive, 6D, EV 96.9 MPH)
|
|
Pinch Hitting: RHB Mookie Wilson
|
0-0: Swinging Strike 0-1: Ball 1-1: Sac Bunt to 5S - play at second, runner OUT! 5-6
|
|
Pinch Hitting: RHB Don Ruzek
|
0-0: Foul Ball, location: 2F 0-1: Ball 1-1: Ball 2-1: Ball 3-1: Called Strike 3-2: Foul Ball, location: 2F 3-2: Strikes out swinging
|
| Bottom of the 8th over - 0 runs, 1 hit, 0 errors, 1 left on base; Philadelphia 6 - St. Louis 6 |
| TOP OF THE 9TH |
|
Philadelphia Phillies batting - Pitching for St. Louis Cardinals : RHP Larry Andersen
|
|
Now at 1B: Craig Stimac
|
|
|
Now at SS: Don Ruzek
|
|
|
Now in LF: Mookie Wilson
|
|
|
Now in CF: Victor Rios
|
|
|
Pinch Hitting: LHB Adrian McCarthy
|
0-0: Ball 1-0: Ball 2-0: Foul Ball, location: 2F 2-1: Ground out 4-3 (Groundball, 4, EV 83.1 MPH)
|
|
Pinch Hitting: RHB Candy Maldonado
|
0-0: Called Strike 0-1: Fly out, F8 (Line Drive, 8RM, EV 96.9 MPH)
|
|
Pinch Hitting: RHB Derrell Baker
|
0-0: Swinging Strike 0-1: Ball 1-1: Ground out 5-3 (Groundball, 56S, EV 73.1 MPH)
|
| Top of the 9th over - 0 runs, 0 hits, 0 errors, 0 left on base; Philadelphia 6 - St. Louis 6 |
| BOTTOM OF THE 9TH |
|
St. Louis Cardinals batting - Pitching for Philadelphia Phillies : LHP Christopher Mayo
|
|
Now at 3B: Adrian McCarthy
|
|
|
Now in CF: Candy Maldonado
|
|
|
Now in RF: Derrell Baker
|
|
|
Pinch Hitting: RHB Bob E Johnson
|
0-0: Ball 1-0: Called Strike 1-1: Foul Ball, location: 2F 1-2: Strikes out looking
|
|
Pinch Hitting: RHB Brian Dayett
|
0-0: Called Strike 0-1: Called Strike 0-2: Strikes out looking
|
|
Batting: SHB Paul Householder
|
0-0: Foul Ball, location: 2F 0-1: Ball 1-1: Called Strike 1-2: Ball 2-2: Strikes out swinging
|
| Bottom of the 9th over - 0 runs, 0 hits, 0 errors, 0 left on base; Philadelphia 6 - St. Louis 6 |
| TOP OF THE 10TH |
|
Philadelphia Phillies batting - Pitching for St. Louis Cardinals : RHP Larry Andersen
|
|
Pitching: RHP Andy Hawkins
|
|
|
Now at C: Bob E Johnson
|
|
|
Pinch Hitting: LHB Ken Phelps
|
0-0: DOUBLE (Flyball, 8LXD, EV 108.8 MPH)
|
|
Pinch Hitting: LHB James Peters
|
0-0: Intentional Walk
|
|
Pinch Runner at 2nd Andre Dawson:
|
|
|
Batting: RHB Ivan de Jesus
|
0-0: Ball 1-0: Foul Ball, location: 2F 1-1: Swinging Strike 1-2: Ball 2-2: Grounds into double play, 4-6-3 (Groundball, 4, EV 87.5 MPH) Andre Dawson to third
|
|
Batting: LHB Ty Gainey
|
0-0: Intentional Walk
|
|
Pinch Hitting: LHB Clay Hill
|
0-0: Called Strike 0-1: Ball 1-1: Called Strike 1-2: Ground out 4-3 (Groundball, 4, EV 92.5 MPH)
|
| Top of the 10th over - 0 runs, 1 hit, 0 errors, 2 left on base; Philadelphia 6 - St. Louis 6 |
| BOTTOM OF THE 10TH |
|
St. Louis Cardinals batting - Pitching for Philadelphia Phillies : LHP Christopher Mayo
|
|
Pitching: LHP Lawrence Burgess
|
|
|
Now at C: Clay Hill
|
|
|
Now at SS: Tim Wallach
|
|
|
Batting: RHB Onix Concepcion
|
0-0: Called Strike 0-1: Called Strike 0-2: Ball 1-2: Ball 2-2: Strikes out swinging
|
|
Batting: RHB Steve Lubratich
|
0-0: Ball 1-0: Ball 2-0: Ball 3-0: Base on Balls
|
|
Batting: RHB Victor Rios
|
0-0: Ball 1-0: Ball Steve Lubratich steals 2nd base 2-0: Swinging Strike 2-1: Ball 3-1: Foul Ball, location: 2F 3-2: Fly out, F6 (Line Drive, 6, EV 53.8 MPH)
|
|
Batting: RHB Craig Stimac
|
0-0: Intentional Walk
|
|
Batting: RHB Mookie Wilson
|
0-0: Called Strike 0-1: Called Strike 0-2: Strikes out swinging
|
| Bottom of the 10th over - 0 runs, 0 hits, 0 errors, 2 left on base; Philadelphia 6 - St. Louis 6 |
| TOP OF THE 11TH |
|
Philadelphia Phillies batting - Pitching for St. Louis Cardinals : RHP Andy Hawkins
|
|
Pitching: LHP Paul Gibson
|
|
|
Now in LF: Rob Deer
|
|
|
Batting: LHB Randy Bush
|
0-0: Fly out, F6 (Popup, 5D, EV 50.6 MPH)
|
|
Batting: LHB Adrian McCarthy
|
0-0: Ball 1-0: Called Strike 1-1: Ball 2-1: Called Strike 2-2: Ball 3-2: Strikes out looking
|
|
Batting: RHB Candy Maldonado
|
0-0: Called Strike 0-1: SOLO HOME RUN (Flyball, 7LD, EV 108.8 MPH), Distance : 356 ft
|
|
Batting: RHB Derrell Baker
|
0-0: Ground out 6-3 (Groundball, 6, EV 105.0 MPH)
|
| Top of the 11th over - 1 run, 1 hit, 0 errors, 0 left on base; Philadelphia 7 - St. Louis 6 |
| BOTTOM OF THE 11TH |
|
St. Louis Cardinals batting - Pitching for Philadelphia Phillies : LHP Lawrence Burgess
|
|
Pitching: RHP Tom Hume
|
|
|
Now in RF: Jesus Vega
|
|
|
Pinch Hitting: LHB Mark Hildebrand
|
0-0: Called Strike 0-1: Ball 1-1: Foul Ball, location: 2F 1-2: Strikes out looking
|
|
Pinch Hitting: LHB Casey Parsons
|
0-0: Called Strike 0-1: Ground out 4-3 (Groundball, 34, EV 91.3 MPH)
|
|
Pinch Hitting: LHB Doug Loman
|
0-0: Ground out 4-3 (Groundball, 34, EV 105.6 MPH)
|
| Bottom of the 11th over - 0 runs, 0 hits, 0 errors, 0 left on base; Philadelphia 7 - St. Louis 6 |
|